[Event "*** SCC Grand Prix: Titled Tuesday Blitz"]
[Site "Chess.com"]
[Date "2020.09.29"]
[Round "10"]
[White "Rakesh"]
[Black "deribas12345"]
[Result "1/2-1/2"]
[WhiteElo "2455"]
[BlackElo "2631"]
[TimeControl "180+1"]
[EndTime "11:56:11 PDT"]
[Termination "Game drawn by repetition"]

1. e4 c5 2. c3 e6 3. d4 d5 4. exd5 exd5 5. Nf3 Nc6 6. Bd3 Bd6 7. O-O Nge7 8. dxc5 Bxc5 9. Nbd2 O-O 10. Nb3 Bb6 11.
h3 h6 12. Bf4 Re8 13. Qd2 Bf5 14.
Rad1 Qd7 15. Rfe1 Rad8 16. Nbd4 Nxd4 17. Nxd4 Bxd4 18. cxd4 Bxd3 19. Qxd3 Nc6 20. a3 Rxe1+ 21. Rxe1 Re8 22. Re3 Rxe3 23. fxe3 Qe6 24. b4 a6 25. Bg3 g6 26. Bf4 g5 27. Bg3 f5 28.
Qc3 Qe4 29. a4 Qb1+ 30. Be1 f4 31. exf4 gxf4 32. Kh2 Qe4 33. Bf2 Qe2 34. Kg1 Kf7 35.
Qc5 Qe4 36. b5 axb5 37. axb5 Ne7 38. Qc7 f3 39. gxf3 Qb1+ 40. Kh2 Qxb5 41. Bh4 Qe2+ 42. Kg1 b5 43. Qb7 Qd1+ 44. Kg2 Qd2+ 45. Kh1 Qd1+ 46. Kg2 Qe2+ 47. Kg1 Qe3+ 48. Kg2 Qe2+ 49. Kg1 1/2-1/2

[Event "*** SCC Grand Prix: Titled Tuesday Blitz"]
[Site "Chess.com"]
[Date "2020.09.29"]
[Round "10"]
[White "ARTHURMOTIVATOR"]
[Black "MatyChess1"]
[Result "1-0"]
[WhiteElo "2380"]
[BlackElo "2484"]
[TimeControl "180+1"]
[EndTime "11:56:12 PDT"]
[Termination "ARTHURMOTIVATOR won by resignation"]

1. e4 c5 2. b3 g6 3. Bb2 Nf6 4. e5 Nd5 5. Nf3 Bg7 6. d4 O-O 7. dxc5 Nf4 8. Qd4 Ne6 9. Qh4 Nc6 10. Na3 Qa5+ 11. Nd2 Qxc5 12. O-O-O Bxe5 13. Ne4 Bxb2+ 14. Kxb2 Qe5+ 15. Nc3 a6 16. Nc4 Qg7 17. Nb6 Rb8 18. Bc4 d6 19. Rhe1 Nc5 20. Qg3 Be6 21. Bxe6 fxe6 22. Kb1 Rf5 23. Ne4 Nxe4 24. Rxe4 Qf6 25. Nd7 Qf7 26. Nxb8 Nxb8 27. Rde1 e5 28. f3 Nd7 29.
Qf2 Nc5 30. R4e3 e4 31. Qd2 exf3 32. gxf3 Rxf3 33. Rxe7 Qf4 34. Re8+ Kg7 35. Qxf4 Rxf4 36. R8e7+ Kh6 37. Rc7 Kg5 38. Rxh7 Rf2 39. h4+ Kf6 40. h5 gxh5 41. Rxh5 b5 42. Rh6+ Kf5 43. Rxd6 Ne4 44. Rd5+ Ke6 45. Rd4 1-0

[Event "*** SCC Grand Prix: Titled Tuesday Blitz"]
[Site "Chess.com"]
[Date "2020.09.29"]
[Round "10"]
[White "Nastya_Rakhmangulova"]
[Black "Playgood28"]
[Result "1-0"]
[WhiteElo "2425"]
[BlackElo "2311"]
[TimeControl "180+1"]
[EndTime "11:56:12 PDT"]
[Termination "Nastya_Rakhmangulova won on time"]

1. e4 e5 2. Nf3 d6 3. d4 exd4 4. Qxd4 a6 5. Bg5 Nc6 6. Qc3 Nf6 7. Bxf6 Qxf6 8. Qxf6 gxf6 9. Nc3 f5 10.
Nd5 Kd8 11. exf5 Bxf5 12. O-O-O Bg7 13. Bd3 Be6 14. Be4 Kd7 15. Nh4 Rae8 16. Nf5 Bxf5 17.
Bxf5+ Kd8 18. Rhe1 Nd4 19. Bd3 c6 20. Nc3 h6 21.
Ne4 Kc7 22. Ng3 Ne6 23. Nf5 Bf6 24. g3 d5 25. c3 Nc5 26. Bc2 a5 27. f3 Kd7 28.
Kb1 Rxe1 29. Rxe1 h5 30. h4 Ne6 31. Kc1 Ng7 32. Kd2 Nxf5 33. Bxf5+ Kd6 34. Rh1 b6 35. Ke3 c5 36. Kf4 Rg8 37. g4 Be5+ 38.
Ke3 Rh8 39. gxh5 Rxh5 40. Bg4 Rh6 41. h5 Rf6 42. Kf2 Bf4 43. Ke2 Bh6 44. Kd3 Rf4 45. Re1 1-0

[Event "*** SCC Grand Prix: Titled Tuesday Blitz"]
[Site "Chess.com"]
[Date "2020.09.29"]
[Round "10"]
[White "Savagelittlemole"]
[Black "VMikhalevski"]
[Result "0-1"]
[WhiteElo "2624"]
[BlackElo "2725"]
[TimeControl "180+1"]
[EndTime "11:56:14 PDT"]
[Termination "VMikhalevski won by resignation"]

1. e4 e5 2. Nf3 Nc6 3. Bb5 a6 4. Ba4 Nf6 5. O-O Nxe4 6. d4 b5 7. Bb3 d5 8. dxe5 Be6 9. Re1 Be7 10. c3 O-O 11. Nbd2 Nc5 12. Bc2 Bg4 13. h3 Bh5 14.
Nb3 Ne6 15. g4 Bg6 16. Be3 Qd7 17. Rc1 Rad8 18. Nbd4 Ncxd4 19. Nxd4 c5 20. Nxe6 Qxe6 21. Bxg6 fxg6 22. Qc2 Rf3 23. Kg2 Rdf8 24. Rcd1 Rxh3 25. Qe2 Rh4 26. f3 h5 27. Rh1 hxg4 28. f4 Rh5 29. Qc2 d4 30. Rxh5 gxh5 31. cxd4 Qd5+ 32. Kg1 Qf3 33.
Bc1 Rd8 34. Rf1 Qg3+ 35. Qg2 Qxg2+ 36. Kxg2 Rxd4 37. Re1 g6 38. e6 c4 39. Re5 Kf8 40. Be3 Rd3 41. f5 Bf6 42. Bc5+ Ke8 43. Re2 gxf5 44. e7 Rd5 45. Re6 Rxc5 46. Rxf6 Kxe7 47. Rh6 f4 48. Rxh5 Rxh5 0-1

[Event "*** SCC Grand Prix: Titled Tuesday Blitz"]
[Site "Chess.com"]
[Date "2020.09.29"]
[Round "10"]
[White "Jumbo"]
[Black "szachuspl"]
[Result "1/2-1/2"]
[WhiteElo "2706"]
[BlackElo "2556"]
[TimeControl "180+1"]
[EndTime "11:56:14 PDT"]
[Termination "Game drawn by repetition"]

1. e4 c5 2. Nf3 a6 3. c4 Nc6 4. d4 cxd4 5. Nxd4 e5 6. Nc2 Bc5 7. Nc3 d6 8. Be2 Be6 9. O-O Nf6 10. Bg5 h6 11. Bh4 O-O 12. Kh1 g5 13. Bg3 Nd4 14. Bd3 Kg7 15. Ne3 Rb8 16. a3 b5 17.
b4 Ba7 18. Rc1 Qd7 19. Ncd5 Rfc8 20. Nxf6 Kxf6 21. Qh5 Kg7 22. h4 f6 23. cxb5 axb5 24. Nd5 Bf7 25. Qd1 Rxc1 26. Qxc1 Rc8 27. Qd2 Qc6 28.
f4 Bxd5 29. exd5 Qxd5 30. fxg5 hxg5 31. Qf2 Rf8 32. hxg5 Rh8+ 33. Bh2 f5 34. Rc1 Bb6 35. Qg3 e4 36. Bf1 Ne6 37. g6 Qd4 38. Bxb5 f4 39. Qg4 Qe5 40. a4 Rh6 41. a5 Rxg6 42. Qh3 Rh6 43. Qg4+ Rg6 44. Qh3 Rh6 45. Qg4+ Rg6 1/2-1/2

[Event "*** SCC Grand Prix: Titled Tuesday Blitz"]
[Site "Chess.com"]
[Date "2020.09.29"]
[Round "10"]
[White "Larina_Marija"]
[Black "WiktoriaPOL"]
[Result "1-0"]
[WhiteElo "2178"]
[BlackElo "2054"]
[TimeControl "180+1"]
[EndTime "11:56:15 PDT"]
[Termination "Larina_Marija won on time"]

1. e4 c5 2. Nc3 a6 3. g3 Nc6 4. Bg2 g6 5. d3 Bg7 6. Be3 d6 7. Qd2 e6 8. Nd1 Nge7 9. c3 Qb6 10. Ne2 O-O 11. Bh6 d5 12. Bxg7 Kxg7 13. exd5 exd5 14. O-O d4 15. cxd4 Nxd4 16. Nxd4 cxd4 17.
b3 Be6 18. Nb2 Bd5 19. Bh3 Qf6 20. f4 b5 21. Rfe1 Nf5 22. Bxf5 Qxf5 23. Re5 Qd7 24.
f5 f6 25. Re2 Qxf5 26. Rf2 Qh3 27. Qf4 Rad8 28. Qxd4 Bb7 29. Qa7 Rd7 30. Raf1 Rff7 31. Qe3 f5 32. d4 Rde7 33. Qd2 Rd7 34. Nd1 Rf8 35. Ne3 Rfd8 36. d5 Bxd5 37. Nxd5 Rxd5 38. Qc3+ Kg8 39. Re1 Rd4 40. b4 Rd3 41. Qc7 R8d7 42. Qc8+ Rd8 43. Qxa6 1-0

[Event "*** SCC Grand Prix: Titled Tuesday Blitz"]
[Site "Chess.com"]
[Date "2020.09.29"]
[Round "10"]
[White "Gulkov_Igor"]
[Black "Sven_Tica"]
[Result "1/2-1/2"]
[WhiteElo "2462"]
[BlackElo "2646"]
[TimeControl "180+1"]
[EndTime "11:56:16 PDT"]
[Termination "Game drawn by repetition"]

1. Nf3 d5 2. d4 e6 3. c4 Nf6 4.
Nc3 Nbd7 5. Bg5 h6 6. Bh4 Be7 7.
e3 O-O 8. Rc1 dxc4 9. Bxc4 a6 10. O-O b5 11. Bd3 Bb7 12. Qe2 c5 13. Bxf6 Bxf6 14.
Be4 Bxe4 15. Nxe4 cxd4 16. Nxf6+ Nxf6 17. Nxd4 Qd5 18. a3 Rac8 19. Rfd1 Rfd8 20. h3 Rxc1 21.
Rxc1 e5 22. Nc6 Rd7 23. Nb4 Qe6 24. Rc8+ Kh7 25. Qc2+ e4 26. Rc6 Rd6 27. Rxd6 Qxd6 28. Nc6 g6 29. Nd4 Kg7 30. Qc3 h5 31. Nb3 Kh7 32. Nc5 g5 33. Qd4 Qc6 34. Qe5 Kg6 35.
b4 h4 36. Qb8 a5 37. Qe5 axb4 38. axb4 Qa8 39. Kh2 Qc6 40. g3 hxg3+ 41. fxg3 Qc8 42. g4 Qd8 43. Nxe4 Nxe4 44. Qxe4+ Kh6 45. Qe5 Qd2+ 46. Kg3 Qe1+ 47. Kg2 Qe2+ 48. Kg3 Qe1+ 49. Kg2 Qe2+ 50. Kg3 Qe1+ 1/2-1/2

[Event "*** SCC Grand Prix: Titled Tuesday Blitz"]
[Site "Chess.com"]
[Date "2020.09.29"]
[Round "10"]
[White "Rital44"]
[Black "juancruzarias"]
[Result "0-1"]
[WhiteElo "2346"]
[BlackElo "2495"]
[TimeControl "180+1"]
[EndTime "11:56:16 PDT"]
[Termination "juancruzarias won by checkmate"]

1. e4 d5 2. exd5 Qxd5 3. Nf3 Qd8 4. Be2 Nf6 5. O-O Bg4 6. Re1 Nbd7 7. h3 Bxf3 8. Bxf3 c6 9. d4 e6 10. Nc3 Be7 11. Bf4 O-O 12. Qd2 a6 13. a4 Bb4 14. Rad1 Rc8 15. Bg5 Qa5 16. Qf4 Bxc3 17. bxc3 Qxa4 18. h4 Qxc2 19. h5 Qf5 20. Qg3 Kh8 21.
h6 gxh6 22. Bxh6 Rg8 23. Qh2 Qxf3 24. d5 cxd5 25. Rd4 Rc4 26. Red1 Rxd4 27. Rxd4 Qxc3 28. Qh4 Qe1+ 29. Kh2 Qe5+ 30. g3 Ne4 31. Be3 Qf6 32. Qh5 Ne5 33. Kg2 Qf5 34. Qe2 Nc6 35. Rd1 f6 36.
Qb2 Qg4 37. Rh1 Qg7 38. Bh6 Qg6 39. Rh3 Ne5 40. Qxb7 Ng4 41. Bf4 e5 42. f3 exf4 43.
fxg4 f3+ 44. Kg1 Ng5 45. Rh2 Qe4 46. Qxa6 Qe1+ 47. Qf1 Qxf1+ 48. Kxf1 Re8 49. Rd2 Re5 50. Ra2 Kg7 51. Ra6 Kg6 52. Kf2 Re2+ 53. Kf1 Ne4 54. g5 Kxg5 55. g4 Kf4 56. Ra4 Kxg4 57. Kg1 Kg3 58. Ra1 Rg2+ 59. Kh1 Nf2# 0-1

[Event "*** SCC Grand Prix: Titled Tuesday Blitz"]
[Site "Chess.com"]
[Date "2020.09.29"]
[Round "10"]
[White "ural58"]
[Black "DonPreuss"]
[Result "1-0"]
[WhiteElo "2349"]
[BlackElo "2236"]
[TimeControl "180+1"]
[EndTime "11:56:16 PDT"]
[Termination "ural58 won on time"]

1. e4 e5 2. f4 d5 3. exd5 c6 4. Qe2 cxd5 5. fxe5 Nc6 6. Nf3 Bc5 7. c3 d4 8. Qe4 Be6 9. b4 Bb6 10. b5 Nce7 11. cxd4 Rc8 12. Nc3 Nh6 13. Be2 O-O 14. O-O Bf5 15. Qf4 Ng6 16. Qe3 Ng4 17. Qg5 Bxd4+ 18. Kh1 Qxg5 19. Nxg5 Nf2+ 20. Rxf2 Bxf2 21. Ba3 Rfe8 22. Rf1 Rxe5 23. Rxf2 Rce8 24. h3 h6 25. Nf3 R5e6 26. Nd4 Rxe2 27. Rxe2 Rxe2 28. Ncxe2 Bd3 29.
Bd6 f6 30. Bb8 a6 31. Nf4 Nxf4 32. Bxf4 axb5 33. Kg1 Kf7 34. Bb8 Ke7 35. Kf2 g6 36. Ke3 Bc4 37. a3 f5 38. d3 Bd5 39. Nxb5 Kf6 40.
g3 g5 41. h4 Bc6 42. Nd4 Bd5 43. Ne2 Ke6 44. Nc3 Bc6 45. d4 b6 46. d5+ Bxd5 47.
Nxd5 Kxd5 48. Ba7 b5 49. Bb6 1-0

[Event "*** SCC Grand Prix: Titled Tuesday Blitz"]
[Site "Chess.com"]
[Date "2020.09.29"]
[Round "10"]
[White "swimmerchess"]
[Black "WIDBIFS"]
[Result "0-1"]
[WhiteElo "2821"]
[BlackElo "2680"]
[TimeControl "180+1"]
[EndTime "11:56:17 PDT"]
[Termination "WIDBIFS won by resignation"]

1. e4 c6 2. d4 d5 3. e5 c5 4. Nf3 Nc6 5. c4 cxd4 6. Nxd4 e6 7. Nc3 Bb4 8. Nxc6 bxc6 9. Bd2 Ne7 10. Bd3 O-O 11.
O-O Ng6 12. f4 dxc4 13. Be4 Qd4+ 14. Rf2 Bxc3 15. Bxg6 Bxd2 16. Bxh7+ Kxh7 17. Qh5+ Kg8 18. Rd1 Be3 19. Rxd4 Bxd4 20. Qe2 Rb8 21. Qxc4 Bxf2+ 22. Kxf2 Rxb2+ 23. Kg3 c5 24. Kh3 Bb7 25. g3 Bg2+ 26. Kh4 Bd5 27. Qxc5 Rxh2+ 28. Kg5 Rxa2 29. f5 Re2 30.
Qd6 a5 31. f6 g6 32. g4 Ra8 33.
Qa3 Rxe5+ 34. Kf4 Re1 35. Qh3 Rh1 36. Qa3 a4 37. Kg5 Bb3 38. Kf4 Rc8 39. Qe7 e5+ 40. Qxe5 Be6 41. Qa5 Rg1 42. g5 Rg4+ 43. Kf3 Rgc4 44. Ke3 a3 45. Kd3 a2 46. Kd2 Rc1 0-1

[Event "*** SCC Grand Prix: Titled Tuesday Blitz"]
[Site "Chess.com"]
[Date "2020.09.29"]
[Round "10"]
[White "LogoCzar"]
[Black "NikolaGry"]
[Result "0-1"]
[WhiteElo "2433"]
[BlackElo "2636"]
[TimeControl "180+1"]
[EndTime "11:56:17 PDT"]
[Termination "NikolaGry won by checkmate"]

1. e4 e6 2. d4 Ne7 3. Bd3 d5 4. Nd2 Nbc6 5. c3 e5 6. Ngf3 exd4 7. cxd4 dxe4 8. Nxe4 Bg4 9. O-O Qd5 10. Nc3 Qh5 11.
Be4 O-O-O 12. h3 Bf5 13. d5 Bxe4 14. Nxe4 Qxd5 15. Qe2 Nf5 16. Bf4 Nfd4 17. Nxd4 Nxd4 18. Qd3 Ne6 19. Qe3 Bc5 20. Nxc5 Qxc5 21. Qg3 Nxf4 22.
Qxf4 Rd7 23. Rac1 Qd6 24. Qxd6 Rxd6 25. Rfd1 Rxd1+ 26. Rxd1 Rd8 27. Re1 c6 28. Re2 a5 29. f4 Kc7 30. Kf2 a4 31. Kf3 a3 32.
bxa3 Rd3+ 33. Ke4 Rxa3 34. Kd4 b5 35. Re7+ Kb6 36. Rxf7 c5+ 37. Kd5 Rxa2 38. Rxg7 Rd2+ 39. Ke4 b4 40. Ke3 Rd8 41. Rxh7 c4 42. Rh6+ Kb5 43.
Rh5+ Ka4 44. Rc5 c3 45. f5 Kb3 46. f6 Rf8 47. Rc6 c2 48. g4 Rxf6 49. Rxf6 c1=Q+ 50. Ke4 Qc4+ 51. Kf5 Kc2 52. g5 b3 53. g6 b2 54.
Rb6 b1=Q 55. Rxb1 Kxb1 56. g7 Qf7+ 57. Kg5 Qxg7+ 58. Kf5 Qh6 59. Kg4 Kc2 60. h4 Kd3 61. h5 Ke4 62. Kh4 Kf3 63. Kh3 Qxh5# 0-1

[Event "*** SCC Grand Prix: Titled Tuesday Blitz"]
[Site "Chess.com"]
[Date "2020.09.29"]
[Round "10"]
[White "aloe_normansen"]
[Black "anasta10"]
[Result "1/2-1/2"]
[WhiteElo "2373"]
[BlackElo "2500"]
[TimeControl "180+1"]
[EndTime "11:56:19 PDT"]
[Termination "Game drawn by repetition"]

1. e4 e6 2. d4 d5 3. Nc3 Bb4 4. e5 c5 5. a3 Bxc3+ 6. bxc3 Qa5 7. Bd2 Qa4 8. Qb1 c4 9. Nf3 Ne7 10. g3 Nbc6 11. Bg2 b6 12. h4 Bd7 13. h5 h6 14. O-O O-O-O 15. Nh4 f6 16. f4 Kb8 17. exf6 gxf6 18. f5 exf5 19. Bf4+ Ka8 20. Qc1 Be8 21. Bf3 Rg8 22. Kh2 Bf7 23. Bxh6 Qa6 24. Qf4 Qc8 25. Rae1 Qd7 26. Re2 Qe8 27. Rfe1 Bxh5 28. Bxh5 Qxh5 29. Rxe7 Nxe7 30. Rxe7 Rg4 31. Qc7 Rxh4+ 32. gxh4 Qxh4+ 33. Kg2 Rg8+ 34. Bg7 Qg4+ 35. Kf2 Qh4+ 36. Qg3 Qh5 37. Rd7 Qd1 38. Qc7 Qxc2+ 39. Kf3 Qxc3+ 40. Kf4 Qxd4+ 41. Kxf5 Qe4+ 42. Kxf6 Qf3+ 43. Kg6 Qe4+ 44. Kf6 Qf3+ 45. Kg5 Qg2+ 46. Kh5 Qf3+ 47. Kg5 Qg2+ 48. Kf6 Qf3+ 1/2-1/2

[Event "*** SCC Grand Prix: Titled Tuesday Blitz"]
[Site "Chess.com"]
[Date "2020.09.29"]
[Round "10"]
[White "bazar-wokzal"]
[Black "Berardino"]
[Result "1-0"]
[WhiteElo "2512"]
[BlackElo "2701"]
[TimeControl "180+1"]
[EndTime "11:56:20 PDT"]
[Termination "bazar-wokzal won on time"]

1. e4 c5 2. c3 Nf6 3. e5 Nd5 4. d4 cxd4 5. cxd4 d6 6. Bc4 e6 7.
Nf3 Nc6 8. O-O Be7 9. Qe2 O-O 10. Qe4 Ndb4 11. Bb3 dxe5 12. dxe5 Qd3 13. Nc3 Qxe4 14. Nxe4 Nd3 15. Rd1 Ndxe5 16. Nxe5 Nxe5 17. Bf4 Nc6 18. Rd2 b6 19. Rc1 Na5 20. Ba4 Bb7 21. Rd7 Bxe4 22. Rxe7 Rfc8 23. Rxc8+ Rxc8 24. Rxa7 e5 25. Be3 Nc4 26.
Bb3 h6 27. Bxc4 Rxc4 28. f3 Bd5 29. b3 Rc6 30. Ra8+ Kh7 31. Rb8 Rc2 32. a4 Bxb3 33.
a5 Bc4 34. axb6 Rb2 35. Bc5 f5 36. Re8 f4 37. h4 Rb1+ 38. Kh2 Rb2 39. Rxe5 Bf1 40. Re7 Rxg2+ 41. Kh1 Rb2 42. Bd4 Rb1 43. Rxg7+ Kh8 44. Rg1+ Kh7 45. b7 Rxb7 46. Rxf1 Kg6 47. Re1 Kh5 48. Kg2 Kxh4 49. Bf6+ 1-0

[Event "*** SCC Grand Prix: Titled Tuesday Blitz"]
[Site "Chess.com"]
[Date "2020.09.29"]
[Round "10"]
[White "Nara_Kh"]
[Black "The_Machine04"]
[Result "1-0"]
[WhiteElo "2402"]
[BlackElo "2289"]
[TimeControl "180+1"]
[EndTime "11:56:20 PDT"]
[Termination "Nara_Kh won by resignation"]

1. e4 d6 2. d4 Nf6 3. Nc3 e5 4. Nf3 Nbd7 5. Bc4 Be7 6. O-O c6 7. a4 Qc7 8. Re1 h6 9. h3 Nf8 10. a5 g5 11. Nh2 Ng6 12. d5 Rg8 13. dxc6 bxc6 14. b3 Nf4 15. Ng4 h5 16. Nxf6+ Bxf6 17.
Bxf4 exf4 18. e5 dxe5 19. Ne4 Ke7 20. Qxh5 Rg7 21. Rad1 Bf5 22. Nd6 Bxc2 23. Rd2 Rd8 24. Rxc2 Qxd6 25. Rce2 Kf8 26. Qh6 Kg8 27. Qh5 g4 28.
hxg4 Rh7 29. Qf5 Kg7 30. g5 Rdh8 31. gxf6+ Qxf6 32. Qxf6+ Kxf6 33. f3 Rh1+ 34. Kf2 Rxe1 35. Rxe1 Rd8 36. Ke2 Ke7 37. Rh1 f6 38. Rh7+ Kd6 39.
Rxa7 Kc5 40. Rf7 Ra8 41. a6 Kb6 42. Rxf6 Rxa6 43. Bxa6 Kxa6 44. Rxc6+ Kb5 45. Re6 Kc5 46. Rxe5+ Kd4 47. Re4+ Kc3 48. Rxf4 Kb2 49. g4 1-0

[Event "*** SCC Grand Prix: Titled Tuesday Blitz"]
[Site "Chess.com"]
[Date "2020.09.29"]
[Round "10"]
[White "Sychev_Klementy"]
[Black "seorobert1971"]
[Result "0-1"]
[WhiteElo "2871"]
[BlackElo "2734"]
[TimeControl "180+1"]
[EndTime "11:56:21 PDT"]
[Termination "seorobert1971 won on time"]

1. e4 c6 2. Nf3 d5 3. d3 Nd7 4. Nc3 Ngf6 5. e5 Ng8 6. e6 fxe6 7. d4 e5 8. dxe5 e6 9. Bd3 Nc5 10. Ng5 Nxd3+ 11. Qxd3 g6 12. h4 Bd7 13. h5 gxh5 14.
Rxh5 Qe7 15. Nxh7 O-O-O 16. Bg5 Qf7 17. Rh3 Be7 18. Bxe7 Qxe7 19. O-O-O Qg7 20. f4 Qxg2 21. Rg3 Qf2 22. Rf1 Qc5 23. Rg7 Nh6 24. Nf6 Nf5 25.
Rf7 Be8 26. Nxe8 Rhxe8 27. Rf6 Qe7 28. Rg1 Rf8 29. Rxf8 Rxf8 30. b3 Qf7 31. Ne2 Kb8 32. Kb2 a6 33. Rg5 Ka7 34. Nd4 Nxd4 35. Qxd4+ Ka8 36.
Rg4 Rh8 37. a4 Rf8 38. a5 Qf5 39. Rh4 Qf7 40. Qc5 Re8 41. Ka3 Qg7 42. Kb4 Qg3 43. Rh7 Qxf4+ 44. Ka3 Qxe5 45. Ka2 Qb8 46. Qb6 e5 47. b4 e4 48. Rh6 Qc8 0-1

[Event "*** SCC Grand Prix: Titled Tuesday Blitz"]
[Site "Chess.com"]
[Date "2020.09.29"]
[Round "10"]
[White "annacramling"]
[Black "norwaytoadog"]
[Result "0-1"]
[WhiteElo "2049"]
[BlackElo "2331"]
[TimeControl "180+1"]
[EndTime "11:56:21 PDT"]
[Termination "norwaytoadog won on time"]

1. d4 d5 2. c4 c6 3. Nf3 Nf6 4. Nc3 e6 5. Bg5 Nbd7 6. e3 Qa5 7. Nd2 dxc4 8. Bxf6 Nxf6 9. Nxc4 Qc7 10. Bd3 Be7 11. O-O O-O 12. Rc1 b6 13. Ne5 Bb7 14. Nb5 Qc8 15.
Qf3 cxb5 16. Rxc8 Bxf3 17. Rxf8+ Kxf8 18. Nxf3 a6 19. Rc1 Ke8 20. Ne5 Nd5 21. g3 g6 22.
a3 f6 23. Nf3 Kd7 24. e4 Nc7 25. d5 e5 26. Rc6 Rb8 27. Nd2 Bd6 28. Nf1 Ne8 29. Ne3 Ng7 30. Ng4 Ne8 31. Nh6 Rb7 32. Nf7 Bc5 33. Kf1 Bd4 34. Nh6 Bxb2 35. Ng4 Bd4 36.
Nxf6+ Nxf6 37. Rxf6 Rc7 38. Rf7+ Kd6 39. Rxc7 Kxc7 40. f4 Kd6 41. Ke2 Kc5 42. fxe5 Bxe5 43. Kd2 a5 44. Kc2 a4 0-1

[Event "*** SCC Grand Prix: Titled Tuesday Blitz"]
[Site "Chess.com"]
[Date "2020.09.29"]
[Round "10"]
[White "stolencandy13"]
[Black "ExtremeLearner"]
[Result "1-0"]
[WhiteElo "2475"]
[BlackElo "2327"]
[TimeControl "180+1"]
[EndTime "11:56:23 PDT"]
[Termination "stolencandy13 won by resignation"]

1. e4 c6 2. d4 d5 3. e5 Bf5 4. h4 h5 5. Bd3 Bxd3 6. Qxd3 Qa5+ 7. c3 Qa6 8. Qxa6 Nxa6 9. Ne2 e6 10. Bg5 Be7 11. Nd2 Bxg5 12. hxg5 Ne7 13. g4 g6 14. Nf4 h4 15. Nf3 c5 16. a3 Nc6 17.
Rc1 b5 18. Ke2 Kd7 19. Ke3 Rab8 20. Rxh4 Rxh4 21. Nxh4 b4 22. axb4 cxb4 23. Ra1 Rb6 24. Nf3 Nc7 25. Nd3 a5 26. Nc5+ Ke7 27. Ne1 Rb5 28. Ned3 bxc3 29. bxc3 Na8 30. Na4 Nb6 31.
Nxb6 Rxb6 32. Kd2 Ra6 33. Nc5 Ra7 34. Kc2 Rc7 35. Rb1 Nxe5 36. Nxe6 Kxe6 37. dxe5 Kxe5 38. Rb5 a4 39. Ra5 Rc4 40. f3 Kf4 41. Rxd5 Kxf3 42. Kd3 Rf4 43. c4 Kxg4 44. c5 Rf5 45. Rd4+ Kxg5 46. c6 Ra5 47. c7 Ra8 48. Rd8 Ra7 49.
c8=Q a3 50. Qc5+ f5 51. Qxa7 a2 52. Qxa2 Kg4 1-0

[Event "*** SCC Grand Prix: Titled Tuesday Blitz"]
[Site "Chess.com"]
[Date "2020.09.29"]
[Round "10"]
[White "Zhigalko_Sergei"]
[Black "Gajuchess"]
[Result "1-0"]
[WhiteElo "2951"]
[BlackElo "2817"]
[TimeControl "180+1"]
[EndTime "11:56:24 PDT"]
[Termination "Zhigalko_Sergei won by resignation"]

1. e4 e5 2. Nf3 Nc6 3. Bb5 a6 4. Ba4 Nf6 5. O-O Nxe4 6. d4 Be7 7. Qe2 b5 8. d5 Nc5 9. Bb3 Na5 10. Nxe5 d6 11. Nc6 Nxc6 12. dxc6 Nxb3 13. axb3 O-O 14. Nc3 Be6 15. Be3 b4 16. Ne4 Bd5 17. Ng3 Qc8 18.
Bd4 Re8 19. Qd2 Bxc6 20. Qxb4 Qb7 21. Qxb7 Bxb7 22. Rfe1 Bf8 23. f3 f6 24. Nf5 g6 25.
Ne3 c5 26. Bxf6 d5 27. Bg5 Bg7 28. Rab1 Re6 29. Ng4 Rae8 30. Rxe6 Rxe6 31. Kf1 a5 32. c3 Ba6+ 33. Kg1 h6 34. Bxh6 Bh8 35. Ra1 d4 36.
Rxa5 Be2 37. Ra8+ Kh7 38. Ra7+ Kg8 39. Bg5 Bg7 40. Ra8+ Kh7 41. Ra7 Kg8 42. Bh6 Bh8 43. Ra8+ Kh7 44. h3 dxc3 45. Ra7+ Kg8 46. Ra8+ Kh7 47. Ra7+ Kg8 48. bxc3 Bxc3 49. Be3 Rc6 50. Kf2 Bd1 51. Rb7 Bb4 52. Nh6+ Kf8 53. Ng4 Bxb3 54.
Ne5 Re6 55. Nd7+ Ke8 56. Nxc5 Bxc5 57. Rxb3 1-0

[Event "*** SCC Grand Prix: Titled Tuesday Blitz"]
[Site "Chess.com"]
[Date "2020.09.29"]
[Round "10"]
[White "cukin84"]
[Black "AntonovaNadezhda"]
[Result "1-0"]
[WhiteElo "2104"]
[BlackElo "2038"]
[TimeControl "180+1"]
[EndTime "11:56:25 PDT"]
[Termination "cukin84 won on time"]

1. e4 c5 2. Nc3 Nc6 3. Bb5 e6 4. Bxc6 dxc6 5. d3 Be7 6. f4 Nf6 7. Nf3 O-O 8. O-O Nd7 9. Kh1 b5 10. Qe1 b4 11. Ne2 f5 12. Ng3 Nf6 13. Be3 a5 14. b3 a4 15. Rd1 axb3 16. axb3 Ra2 17. Qe2 Bd7 18. Ne5 g6 19. h3 Qc7 20. Qf2 Rfa8 21.
Bxc5 Bf8 22. Bxf8 Rxf8 23. Qc5 Be8 24. Rd2 Qb7 25. Nc4 Nd7 26. Qd6 Bf7 27. Re1 Qb8 28. Qxb8 Rxb8 29. Nd6 Nc5 30. exf5 gxf5 31. Rde2 Rd8 32.
Nc4 Kg7 33. Nf1 Kf6 34. Nfe3 Bh5 35. g4 Bg6 36. g5+ Kg7 37. Ne5 Be8 38. N3c4 Nb7 39. Rg2 Nc5 40. h4 Nb7 41. h5 Nd6 42. h6+ Kg8 43.
g6 Bxg6 44. Nxg6 hxg6 45. Rxg6+ Kh7 46. Rgxe6 Nxc4 47. bxc4 Rxc2 48. Re7+ Kxh6 49. R1e6+ Kh5 50. Re5 Rxd3 51. Rxf5+ Kg4 52. Rg5+ Kf3 53. Rg1 Rdd2 54. Rf1+ Kg4 55. Rg7+ Kf5 56. Rh7 Re2 57. Rd1 1-0

[Event "*** SCC Grand Prix: Titled Tuesday Blitz"]
[Site "Chess.com"]
[Date "2020.09.29"]
[Round "10"]
[White "Fy_Rakotomaharo"]
[Black "Oleksandr_Bortnyk"]
[Result "0-1"]
[WhiteElo "2678"]
[BlackElo "2897"]
[TimeControl "180+1"]
[EndTime "11:56:27 PDT"]
[Termination "Oleksandr_Bortnyk won on time"]

1. e4 Nf6 2. e5 Nd5 3. d4 d6 4.
Nf3 dxe5 5. Nxe5 c6 6. c3 Nd7 7. Nf3 g6 8. Bd3 Bg7 9. O-O O-O 10. Re1 Re8 11. Na3 e5 12. Nc4 exd4 13. Rxe8+ Qxe8 14. cxd4 N7b6 15. Nd6 Qe7 16. Nxc8 Rxc8 17. Bg5 Qb4 18. Qd2 Bxd4 19. Nxd4 Qxd4 20. Re1 Nc4 21. Bxc4 Qxc4 22. h4 h5 23. b3 Qg4 24. Qd3 Kh7 25. Re4 Qf5 26.
Qd4 c5 27. Qe5 f6 28. Qd6 Qxe4 29. Qd7+ Qe7 30. Qxc8 fxg5 31. hxg5 b6 32. g3 Nc7 33. Qb7 Kg7 34. Kh1 Qd7 35. Kh2 Kf7 36. Qxa7 Qd6 37. Qb7 Ke7 38. Qe4+ Qe6 39. Qb7 Kd7 40. Kg1 Qd6 41.
Qe4 Nd5 42. Qd3 Ne7 43. Qb5+ Qc6 44. Qa6 Ke6 45. Qa7 Qd6 46. Qa8 Qd1+ 47. Kh2 Qe2 48. Kg1 Qe1+ 49. Kg2 Qe5 0-1

[Event "*** SCC Grand Prix: Titled Tuesday Blitz"]
[Site "Chess.com"]
[Date "2020.09.29"]
[Round "10"]
[White "MVM2008"]
[Black "zmeeed67"]
[Result "0-1"]
[WhiteElo "2231"]
[BlackElo "2381"]
[TimeControl "180+1"]
[EndTime "11:56:29 PDT"]
[Termination "zmeeed67 won on time"]

1. e4 Nc6 2. Nf3 d6 3. d4 Nf6 4. d5 Ne5 5. Nxe5 dxe5 6. Nc3 a6 7. a4 e6 8. Bg5 Bb4 9. Bd3 h6 10.
Bh4 exd5 11. exd5 O-O 12. O-O g5 13. Bg3 Bxc3 14. bxc3 Qxd5 15. Qe2 Re8 16. h4 Qc5 17. hxg5 hxg5 18. Qf3 Kg7 19. Rfe1 Qxc3 20. Qe3 e4 21.
Qxg5+ Kf8 22. Qh6+ Kg8 23. Bh4 Nh7 24. Rad1 Bf5 25. Re3 Bg6 26. Bxe4 Qg7 27. Qxg7+ Kxg7 28. Bxg6 Rxe3 29. fxe3 Kxg6 30. Rd7 Rc8 31. Bg3 Nf6 32. Rxc7 Rxc7 33. Bxc7 Nd5 34. Bf4 Nb4 35. c3 Na2 36. c4 Kf5 37. Kf2 Ke4 38. Ke2 Nc3+ 39. Kd2 Nxa4 40.
Kc2 Nc5 41. Kc3 f5 42. Kb4 b6 43. Bc7 Nd7 44. Ka4 Kxe3 45. Kb4 Kd4 46. g3 Ke4 47. Bf4 Kd4 48. Bd6 Ne5 49. c5 Nd3+ 0-1

[Event "*** SCC Grand Prix: Titled Tuesday Blitz"]
[Site "Chess.com"]
[Date "2020.09.29"]
[Round "10"]
[White "KyrgyzFighter"]
[Black "karinachess1"]
[Result "0-1"]
[WhiteElo "2379"]
[BlackElo "2506"]
[TimeControl "180+1"]
[EndTime "11:56:30 PDT"]
[Termination "karinachess1 won by checkmate"]

1. c4 Nf6 2. Nc3 g6 3. e4 d6 4. d4 Bg7 5. f3 O-O 6. Be3 c6 7. Qd2 a6 8. Bd3 b5 9. Nge2 Nbd7 10. O-O bxc4 11. Bxc4 d5 12. Bb3 Nb6 13. Rac1 a5 14. a4 Ba6 15. exd5 cxd5 16. Nb5 Bxb5 17. axb5 a4 18. Ba2 Qd7 19. Qb4 Rfb8 20. Nc3 Bf8 21. Nb1 e6 22. Rc5 Nc4 23. Bxc4 dxc4 24. Na3 Nd5 25.
Qd2 Nxe3 26. Qxe3 Bxc5 27. dxc5 Qd5 28. Rc1 Rc8 29. c6 Rab8 30. Kf2 Rxb5 31. Nxb5 Qxb5 32. Qd4 Qxc6 33. Rd1 Qb5 34. g4 c3 35. bxc3 a3 36. Qd2 Qb3 37. Kg3 Qxc3 38. Qa2 Qb2 39. Ra1 Qxa2 40. Rxa2 Rc3 41. Kf4 h6 42. h4 Kg7 43.
g5 hxg5+ 44. hxg5 Rc4+ 45. Kg3 Ra4 46. f4 f6 47. Kg4 fxg5 48. Kxg5 Ra5+ 49. Kg4 Kf6 50. Kf3 Kf5 51. Ke3 Ra4 52. Ra1 a2 53. Kd3 Ra3+ 54. Kc4 Kxf4 55. Kb4 Ra8 56. Kc5 e5 57.
Kd5 Rd8+ 58. Ke6 Rd2 59. Kf6 e4 60. Kxg6 e3 61. Kh5 e2 62. Kh4 Rd1 63. Rxa2 Rh1# 0-1